 Dungeon Crawl Stone Soup version 0.27.0-1-g7a089689b8 (webtiles) character file.

Game seed: 9718030387941498559

0 lnt the Sneak (level 1, -5/16 HPs)
             Began as an Octopode Delver on Aug 2, 2021.
             Slain by a gnoll (7 damage)
             ... on level 4 of the Dungeon.
             The game lasted 00:01:05 (277 turns).

lnt the Sneak (Octopode Delver)                      Turns: 277, Time: 00:01:06

Health: -5/16      AC:  1    Str: 11    XL:     1   Next: 0%
Magic:  1/1        EV: 13    Int: 12    God:
Gold:   0          SH:  0    Dex: 13    Spells: 0/0 levels left

rFire    . . .     SeeInvis .   a - +0 spear
rCold    . . .     Faith    .   (no shield)
rNeg     . . .     Spirit   .   (helmet restricted)
rPois    .         Reflect  .   (no amulet)
rElec    .         Harm     .   (no ring)
rCorr    .         Rampage  .   (no ring)
Will     .....                  (no ring)
Stlth    ++++......             (no ring)
HPRegen  0.05/turn              (no ring)
MPRegen  0.07/turn              (no ring)
                                (no ring)
                                (no ring)

@: no status effects
A: almost no armour, amphibious, 8 rings, camouflage 1, gelatinous body 1,
(nimble swimmer 1), tentacles
a: no special abilities


You were on level 4 of the Dungeon.
You visited 1 branch of the dungeon, and saw 2 of its levels.

Inventory:

Hand Weapons
 a - a +0 spear (weapon)
Wands
 f - a wand of digging (3)
Scrolls
 b - a scroll of fog
 c - a scroll of magic mapping
 d - a scroll of fear
 g - a scroll of amnesia {unknown}
Potions
 h - a potion of might {unknown}


   Skills:
 + Level 3.0 Fighting
 - Level 2.0 Polearms
 + Level 2.0 Dodging
 + Level 6.6 Stealth


You couldn't memorise any spells.
You didn't know any spells.
Your spell library was empty.

Dungeon Overview and Level Annotations

Branches:
Dungeon (5/15)
 Temple: D:4-7

Altars:


Innate Abilities, Weirdness & Mutations

You cannot wear most types of armour.
You are amphibious.
You can wear up to eight rings at the same time.
Your skin changes colour to match your surroundings (Stealth+).
Your rubbery body absorbs attacks. (AC +1, EV +1)
((You are camouflaged near water. (Stealth+)))
You have tentacles for arms and can constrict up to eight enemies at once.


Message History

2 orcs come into view.
g - a scroll labelled UGRUHEEREO
h - a bubbling dark potion An ogre comes into view.
It is wielding a +0 giant club.
The ogre shouts!
You hear a shout! x2
An orc wizard comes into view. It is wielding a +0 dagger.
The ogre moves out of view.
A wyvern zombie comes into view.
The bullfrog zombie misses you. The bullfrog zombie barely misses you.
You feel yourself speed up. The wyvern zombie barely misses you.
The bullfrog zombie closely misses you. The wyvern zombie bites you!
Ouch! That really hurt!
* * * LOW HITPOINT WARNING * * *
You start resting.
Your extra speed is starting to run out.
You start resting.
You feel yourself slow down.
You start resting.
A bullfrog zombie is nearby!
A gnoll comes into view. It is wielding a +0 club.
Found 14 stones, 2 fuming coppery potions and 15 gold pieces.
A gnoll comes into view. It is wielding a +0 spear.
Found a stone staircase leading up.
A gnoll comes into view. It is wielding a +0 flail.
The ogre shouts!
The gnoll shouts! x3
The gnoll closely misses you.
There is a stone staircase leading up here.
The gnoll hits you with a +0 spear.
You climb upwards.
There is a stone staircase leading down here.
You closely miss the gnoll. Your grab misses the gnoll.
Your squeeze misses the gnoll. The gnoll barely misses you.
You closely miss the gnoll. You grab the gnoll. You constrict the gnoll.
The gnoll hits you with a +0 spear.
* * * LOW HITPOINT WARNING * * *
You hit the gnoll but do no damage.
The gnoll is lightly wounded.
You constrict the gnoll. The gnoll hits you with a +0 spear!
You die...

#.# #
#.#
#.#.#
#.#.#
#.#.#
#...#
#.g#
#.@#
##.#
..#
.###
.. ##


You could see a gnoll.

Vanquished Creatures (others)
  A quokka (D:5)
1 creature vanquished.

Notes
Turn   | Place    | Note
-------+----------+-------------------------------------------
     0 | D:5      | lnt the Octopode Delver began the quest for the Orb.
     0 | D:5      | Reached XP level 1. HP: 16/16 MP: 1/1
   105 | D:5      | Noticed an ogre
   105 | D:5      | Noticed an orc wizard
   120 | D:5      | Noticed a wyvern zombie
   277 | D:4      | Slain by a gnoll

Illustrated notes

Levels and vault maps discovered:
D:4:      layout_basic, minitemple, uniq_edmund, uniq_duvessa
D:5:      layout_rooms, elyvilon_altar_4, serial_curves, eino_curves_01,
          eino_curves_03

Action                   || total
-------------------------++-------
Melee: Spear             ||     3
       Constrict         ||     1
  Use: Potion            ||     1
Dodge: Dodged            ||     6
